 Dungeon Crawl Stone Soup version 0.16-a0-3913-g9d9d7ce (webtiles) character file.

257 Ololoev the Cudgeler (level 6, -1/59 HPs)
             Began as an Ogre Hunter on Feb 4, 2015.
             Slain by a troll (6 damage)
             ... on level 4 of the Dungeon.
             The game lasted 00:08:15 (2957 turns).

Ololoev the Cudgeler (Ogre Hunter)                  Turns: 2957, Time: 00:08:15

Health: -1/59      AC:  4    Str: 18    XL:     6   Next: 16%
Magic:  6/6        EV: 10    Int: 10    God:
Gold:   163        SH:  0    Dex: 12    Spells: 0 memorised, 5 levels left

rFire  . . .     SeeInvis .     y - +0 flail
rCold  . . .     Clarity  .     d - +0 animal skin
rNeg   . . .     SustAb   .     (shield restricted)
rPois  .         Gourm    .     (helmet restricted)
rElec  .         Spirit   .     p - +0 cloak
rCorr  .         Warding  .     (gloves unavailable)
rMut   .         Stasis   .     (boots unavailable)
MR     ++...                    (no amulet)
Stlth  +.........               a - ring of protection from magic
                                i - ring of protection from magic

@: very resistant to hostile enchantments, very unstealthy
A: unfitting armour, tough skin 1
a: no special abilities


You were on level 4 of the Dungeon.
You were not hungry.

You visited 1 branch of the dungeon, and saw 4 of its levels.

You collected 163 gold pieces.

Notes
Turn   | Place    | Note
--------------------------------------------------------------
     0 | D:1      | Ololoev, the Ogre Hunter, began the quest for the Orb.
     0 | D:1      | Reached XP level 1. HP: 22/22 MP: 1/1
   288 | D:1      | Reached skill level 1 in Maces & Flails
   420 | D:1      | Reached XP level 2. HP: 17/29 MP: 2/2
  1095 | D:1      | Reached XP level 3. HP: 31/36 MP: 3/3
  1928 | D:3      | Reached XP level 4. HP: 44/44 MP: 4/4
  2017 | D:3      | Found a shadowy altar of Dithmenos.
  2250 | D:3      | Reached skill level 5 in Maces & Flails
  2456 | D:3      | Reached XP level 5. HP: 29/50 MP: 5/5
  2795 | D:4      | Noticed an ogre
  2799 | D:4      | Killed an ogre
  2799 | D:4      | Reached skill level 6 in Maces & Flails
  2799 | D:4      | Reached skill level 5 in Throwing
  2799 | D:4      | Reached XP level 6. HP: 55/59 MP: 6/6
  2934 | D:4      | Noticed a troll
  2957 | D:4      | Slain by a troll

Inventory:

Hand weapons
 y - a +0 flail (weapon)
Missiles
 g - 4 javelins (quivered)
Armour
 d - a +0 animal skin (worn)
 p - a +0 cloak (worn)
Jewellery
 a - a ring of protection from magic (right hand)
 i - a ring of protection from magic (left hand)
Scrolls
 e - 5 scrolls of identify {unknown}
 h - 4 scrolls of remove curse
 k - a scroll of fear {unknown}
 q - a scroll of enchant weapon {unknown}
 r - 2 scrolls of teleportation {unknown}
 u - a scroll of immolation {unknown}
Potions
 j - 3 potions of curing {unknown}
 l - a potion of decay {unknown}
 m - a potion of invisibility {unknown}
 n - a potion of heal wounds {unknown}
 t - a potion of restore abilities {unknown}
 v - a potion of haste {unknown}
Comestibles
 f - 3 meat rations
 s - 2 bread rations
 w - a slice of pizza

Table legend:
 A = Turns spent in this place as a percentage of turns spent in the entire game.
 B = Non-inter-level travel turns spent in this place as a percentage of non-inter-level travel turns spent in the entire game.
 C = Inter-level travel turns spent in this place as a percentage of turns spent in this place.
 D = Turns resting spent in this place as a percentage of non-inter-level travel turns spent in this place.
 E = Turns spent auto-exploring this place as a percentage of non-inter-level travel turns spent in this place.
 F = Non-inter-level travel turns spent in this place divided by the number of levels of this place that you've seen.
                   A       B       C       D       E      F
               +-------+-------+-------+-------+-------+----------------------
         Total | 100.0 | 100.0 |   0.5 |   3.6 |  12.7 | 186.5
       Dungeon | 100.0 | 100.0 |   0.5 |   3.6 |  12.7 | 186.5
               +-------+-------+-------+-------+-------+----------------------


   Skills:
 - Level 2.6 Fighting
 * Level 6.7 Maces & Flails
 + Level 5.4 Throwing
 - Level 1.7 Dodging
 - Level 0.7 Stealth


You had 5 spell levels left.
You didn't know any spells.

Dungeon Overview and Level Annotations

Branches:
Dungeon (4/15)
 Temple: D:4-7

Altars:
Dithmenos


Innate Abilities, Weirdness & Mutations

You are too large for most types of armour.
You have tough skin (AC +1).


Message History

You throw a large rock.
The large rock closely misses the troll.
Throwing (i - inventory. (,) - cycle):
b - a large rock (quivered)
Press: ? - help, Shift-Dir - straight line, f/p - troll
Aim: a troll (lightly wounded)
You throw a large rock.
The large rock closely misses the troll.
Quiver which item? (- for none, * to show all) (? for menu, Esc to quit)
Okay, then.
Throwing (i - inventory. (,) - cycle):
c - a throwing net (quivered)
Press: ? - help, Shift-Dir - straight line, f/p - troll
Aim: a troll (lightly wounded)
You throw a throwing net.
The throwing net barely misses the troll.
A rat comes into view.
You hit the troll but do no damage.
The troll is lightly wounded.
The troll bites you. The troll barely misses you. The troll misses you.
You hit the troll.
The troll is lightly wounded.
The troll bites you. The troll claws you but does no damage.
The troll claws you but does no damage.
You hit the troll.
The troll is lightly wounded.
The troll bites you. The troll barely misses you. The troll claws you.
You closely miss the troll.
The troll is lightly wounded.
The troll bites you. The troll closely misses you. The troll claws you.
Drink which item? (? for menu, Esc to quit)
Okay, then.
You closely miss the troll.
The troll is lightly wounded.
The troll bites you!! The troll claws you! The troll barely misses you.
Found a stone staircase leading up.
There is a stone staircase leading up here.
Read which item? (? for menu, Esc to quit)
As you read the scroll labeled HANAHO COABBYA, it crumbles to dust.
You feel blessed for a moment.
It was a scroll of remove curse.
The troll bites you! The troll claws you.
You die...

###### #....## # #.....#
#.####.@# #......T#
#######....# #........r.#
#..........# #..........#
#..........##########
##..........#........# #####
#...........#........###..>.


You could see a troll and a rat.

Table legend:
 A = Kills in this place as a percentage of kills in entire the game.
 B = Kills by you in this place as a percentage of kills by you in the entire game.
 C = Kills by friends in this place as a percentage of kills by friends in the entire game.
 D = Other kills in this place as a percentage of other kills in the entire game.
 E = Experience gained in this place as a percentage of experience gained in the entire game.
 F = Experience gained in this place divided by the number of levels of this place that you have seen.
                   A       B       C       D       E      F
               +-------+-------+-------+-------+-------+----------------------
         Total | 100.0 | 100.0 |  -nan |  -nan | 100.0 |  92.0
       Dungeon | 100.0 | 100.0 |  -nan |  -nan | 100.0 |  92.0
               +-------+-------+-------+-------+-------+----------------------

Vanquished Creatures
  An ogre (D:4)
  An iguana (D:4)
  5 adders
  4 gnolls (D:3)
  A worm (D:3)
  A giant gecko (D:2)
  An orc (D:3)
  A ball python (D:3)
  5 bats
  2 giant cockroaches (D:1)
  7 goblins
  14 hobgoblins
  2 jackals (D:2)
  3 giant newts
  6 kobolds
  2 rats
56 creatures vanquished.

Action                   |  1- 3 |  4- 6 || total
-------------------------+-------+-------++-------
Melee: Club              |    99 |       ||    99
       Short sword       |     6 |       ||     6
       Mace              |    45 |    69 ||   114
       Flail             |       |    20 ||    20
Throw: Large rock        |     2 |    14 ||    16
       Throwing net      |       |     3 ||     3
  Use: Scroll            |       |     1 ||     1
  Eat: Chunk             |     3 |     4 ||     7

Vault maps used:
D:1:      sevenhm_arrival_forest_fort_large_3, serial_bayou_pond_b,
          minmay_three_crescents
D:3:      nicolae_dithmenos_shadow_blocks, first_bread
D:4:      serial_shops, kennysheep_mini_moat, kennysheep_generic_room_5
